AoeStats
← Milo Thatch

Arena

509987973Analyzed
1v1 RM · 3d ago on Sep 28, 2026· 43m 18s· 2 players
Game mode
Random Map
Map size
Tiny (2 player)
Population
200
Speed
Normal
Resources
Standard
Victory
Conquest
Starting age
Dark Age
Ending age
Imperial Age
RankedLock teamsTeams togetherTeam positionsShared explorationLock speedFull tech treeHidden civsTurbo modeCheats
Victory
Defeat
🇺🇸 Mongols · United States
716
+32
🇧🇷 Malay · Brazil
739
-38
Milo Thatch
10:46 Feudal Age
12:16 Horse Collar
13:07 Double-Bit Axe
15:50 Gold Mining
17:46 Bloodlines
18:11 Loom
21:42 Scale Barding Armor
21:47 Forging
21:38 Scale Mail Armor
24:10 Castle Age
25:38 Chain Mail Armor
25:58 Iron Casting
25:25 Padded Archer Armor
25:16 Fletching
27:07 Man-at-Arms
28:22 Long Swordsman
28:59 Bodkin Arrow
29:20 Leather Archer Armor
31:32 Heavy Plow
34:45 Imperial Age
35:25 Thumb Ring
35:55 Ballistics
36:35 Chemistry
35:37 Bracer
35:35 Two-Handed Swordsman
36:23 Capped Ram
37:38 Champion
39:57 Blast Furnace
39:24 Siege Ram
43:13 Elite Mangudai
melocotom
11:25 Feudal Age
12:53 Wheelbarrow
12:37 Double-Bit Axe
15:05 Horse Collar
21:39 Castle Age
19:55 Stone Mining
28:30 Gold Mining
29:36 Bow Saw
29:29 Heavy Plow
33:52 Hand Cart
38:01 Gold Shaft Mining
38:02 Stone Shaft Mining
41:46 Scale Barding Armor
41:51 Forging
41:32 Fletching
43:44 Ballistics
Connection lost

Rejoining the realm…

Still unreachable

The connection could not be restored.

Session expired

The server has moved on; the page needs a fresh start.